 Dungeon Crawl Stone Soup version 0.22.0 (webtiles) character file.

32636 KnightedAnt the Envoy of Void (level 14, -2/112 (113) HPs)
             Began as a Formicid Abyssal Knight on Oct 29, 2018.
             Was a High Priest of Lugonu.
             Engulfed by a cloud of foul pestilence (11 damage)
             ... on level 14 of the Dungeon.
             The game lasted 00:42:47 (20447 turns).

KnightedAnt the Envoy of Void (FoAK)               Turns: 20447, Time: 00:42:48

HP:   -2/112 (113)  AC: 23    Str: 22    XL:     14   Next: 3%
MP:   15/23         EV: 11    Int: 12    God:    Lugonu [*****.]
Gold: 1170          SH: 12    Dex: 20    Spells: 13/13 levels left

rFire    + . .     SeeInvis +   B - +5 battleaxe (curse)
rCold    + . .     Gourm    .   G - +3 buckler {AC+3}
rNeg     . . .     Faith    .   N - +5 chain mail "Dyra" {rC+ Dex+7}
rPois    .         Spirit   .   (helmet unavailable)
rElec    .         Reflect  +   (no cloak)
rCorr    .         Harm     .   s - +0 pair of gloves
MR       +....                  O - +0 pair of boots
Stlth    ..........             o - +2 amulet of reflection
HPRegen  0.00/turn              h - +3 ring of dexterity
MPRegen  0.18/turn              q - ring of protection from fire

@: lethally poisoned (-2 -> -181), non-regenerating, diseased
A: permanent stasis, dig shafts and tunnels, four strong arms, antennae 3
a: Dig, Shaft Self, Depart the Abyss, Bend Space, Banish, Corrupt, Enter the
Abyss, Renounce Religion


You were on level 14 of the Dungeon.
You worshipped Lugonu.
Lugonu was extremely pleased with you.
You were very hungry.

You visited 2 branches of the dungeon, and saw 17 of its levels.
You visited the Abyss 1 time.
You also visited: Bailey.

You collected 1282 gold pieces.
You spent 112 gold pieces at shops.

Inventory:

Hand Weapons
 g - a +0 war axe of venom
 t - a +1 mace of protection
 B - a cursed +5 battleaxe (weapon)
 F - a +0 antimagic flail
 Q - a +0 dire flail
Missiles
 w - 4 tomahawks of returning
 L - 3 silver tomahawks (quivered)
Armour
 s - a +0 pair of gloves (worn)
 G - a +3 buckler of protection (worn)
 H - a +0 troll leather armour
 N - the +5 chain mail "Dyra" (worn) {rC+ Dex+7}
   (You found it on level 7 of the Dungeon)

   It affects your dexterity (+7).
   It protects you from cold.
 O - a +0 pair of boots (worn)
Jewellery
 a - an uncursed ring of magical power
 f - an uncursed ring of stealth
 h - a +3 ring of dexterity (left hand)
 o - a +2 amulet of reflection (around neck)
 q - a ring of protection from fire (right hand)
 S - a +6 ring of strength {unknown}
Wands
 b - a wand of enslavement (26)
 z - a wand of paralysis (19)
 D - a wand of iceblast (6)
 I - a wand of digging (30)
 K - a wand of polymorph (21)
 P - a wand of acid (10)
 X - a wand of random effects (23)
Scrolls
 d - 7 scrolls of remove curse
 i - 3 scrolls of identify
 l - 2 scrolls of immolation
 r - 5 scrolls of amnesia
 x - 4 scrolls of enchant armour
 y - 4 scrolls of fear
 C - 3 scrolls of magic mapping
 E - 4 scrolls of fog
 M - a scroll of enchant weapon
 R - a scroll of summoning
 V - a scroll of silence {unknown}
Potions
 e - 9 potions of curing
 j - 2 potions of brilliance {unknown}
 k - 2 potions of invisibility {unknown}
 m - a potion of cancellation {unknown}
 n - a potion of might {unknown}
 p - 4 potions of flight {unknown}
 u - a potion of agility
 v - 4 potions of haste
 A - 4 potions of heal wounds
 J - 4 potions of lignification {unknown}
 T - 2 potions of resistance
 U - 3 potions of mutation {unknown}
Comestibles
 c - 32 rations


   Skills:
 + Level 11.5 Fighting
 * Level 6.6(9.0) Axes
 - Level 9.3(10.2) Maces & Flails
 + Level 11.2 Armour
 - Level 4.7 Dodging
 + Level 10.3 Shields
 + Level 12.1 Invocations


You had 13 spell levels left.
You didn't know any spells.
Your spell library contained the following spells:

 Spells                   Type           Power        Failure   Level  Hunger
 Apportation              Tloc           #.....       88%         1    ##.....
 Teleport Other           Tloc           #.......     99%         3    ####...
 Summon Small Mammal      Summ           #...         88%         1    ##.....
 Blink                    Tloc           N/A          96%         2    ###....
 Animate Skeleton         Necr           N/A          88%         1    ##.....
 Spider Form              Tmut/Pois      #.........   99%         3    ####...
 Blade Hands              Tmut           #.........   100%        5    ######.
 Ice Form                 Ice/Tmut       #.......     100%        4    #####..
 Confusing Touch          Hex            #.....       88%         1    ##.....
 Sticks to Snakes         Tmut           #.......     96%         2    ###....
 Passage of Golubria      Tloc           N/A          100%        4    #####..
 Shroud of Golubria       Chrm/Tloc      #.........   96%         2    ###....
 Beastly Appendage        Tmut           #.....       88%         1    ##.....
 Gell's Gravitas          Tloc           #.........   99%         3    ####...
 Lesser Beckoning         Tloc           #.........   99%         3    ####...


Dungeon Overview and Level Annotations

Branches:
Dungeon (15/15)            Temple (0/1) D:5            Lair (2/6) D:11
    Orc (0/2) D:11         Vaults (0/5) D:13
  Swamp: Lair:2-4    Shoals: Lair:2-4     Snake: Lair:2-4    Spider: Lair:2-4
 Depths: D:15

Altars:
Fedhas
Hepliaklqana
Nemelex Xobeh
Trog
Yredelemnul
The Shining One

Shops:
D:9 !   D:11 }

Annotations:
D:1 1 runed door
D:15 Rupert
Lair:2 Sonja
Abyss:1 Nessos, Urug


Innate Abilities, Weirdness & Mutations

You cannot be hasted, slowed, berserked, paralysed or teleported.
You can dig through walls and to a lower floor.
Your four strong arms can wield two-handed weapons with a shield.
You have a pair of large antennae on your head. (SInv)


Message History

* * * LOW HITPOINT WARNING * * *
x2 You feel extremely sick.
The death drake closely misses you. You block the death drake's attack.
You feel much better.
You are engulfed in dark miasma.
You are more poisoned.
Your stasis prevents you from being slowed.
* * * LOW HITPOINT WARNING * * *
x2 You feel extremely sick.
The death drake bites you.
* * * LOW HITPOINT WARNING * * *
Press: ? - help, Shift-Dir - straight line, f/p - death drake
Aim: a death drake shaped shifter (heavily wounded, catching its breath, chance to defeat MR: 76%)
The death drake is devoured by a tear in reality.
Lugonu claims a new guest.
You are feeling very hungry.
You are engulfed in dark miasma.
You are more poisoned.
You feel your flesh rotting away!
You feel ill.
Your stasis prevents you from being slowed.
You die...

...##..##..# #...#
#...........
.#..##.....## #...#
#...........
#.#..##.....# #...#
#...........
._.#..###...# #...#
#)..........
#.#..##....## #...#
#...........
.#..##..##.# #...#
#..........#
...##..###.####...#
#.........## #.##..##
#........####.........#
###..##
#.....>@§§.....#......#
.#...#
#..###.§§.............##
.#.#.# #..#
#..####...(.......#
...#.# #..# #..#
#.......).... ..##.#
#..# #..# #.........)..
..##.# #..# #..#
#...#.......( ####.#
#..# #..# #...##.......
# #.# #..# #..#
#...###...... # #.# #..#
#..# #...# #......


There were no monsters in sight!

Vanquished Creatures
  Erica (D:10)
  2 centaur warriors
  2 two-headed ogres
  A wizard (D:13)
  9 ugly things
  2 necromancers (D:13)
  A cyclops (D:12)
  2 deep elf magi (D:12)
  4 spiny frogs
  A gargoyle (D:14)
  2 komodo dragons
  A red devil (D:12)
  A troll (shapeshifter) (D:13)
  2 trolls (D:9)
  2 hornets
  6 hippogriffs
  2 slime creatures
  18 yaks
  Sigmund (D:3)
  A spriggan (D:7)
  A vampire (D:13)
  A wyvern (D:13)
  2 hungry ghosts
  20 humans (D:13)
  A basilisk (Lair:1)
  3 porcupines
  4 sky beasts
  5 orc warriors
  6 water moccasins
  2 black bears
  6 ice beasts
  4 phantoms
  3 boggarts
  A necrophage (D:11)
  4 ogres
  11 centaurs
  2 crocodiles (Lair:1)
  3 big kobolds
  11 bullfrogs
  2 scorpions
  A wyvern skeleton (D:13)
  5 killer bees
  9 howler monkeys
  5 wights (D:12)
  12 crimson imps
  A jelly (D:10)
  A quasit (D:13)
  2 bullfrog zombies (D:5)
  A centaur zombie (D:5)
  2 bullfrog skeletons
  8 hounds
  9 orc priests
  A centaur skeleton (D:4)
  A gnoll shaman (D:6)
  Jessica (D:2)
  4 iguanas
  Terence (D:2)
  20 orc wizards
  15 worker ants
  A hound zombie (D:8)
  A howler monkey zombie (D:7)
  2 worker ant zombies (D:6)
  Robin (D:2)
  9 gnolls
  10 adders
  2 shadow imps
  An ufetubus (D:12)
  An adder skeleton (D:9)
  3 worms (D:3)
  8 leopard geckos
  69 orcs
  3 ball pythons
  5 bats
  7 giant cockroaches
  22 goblins
  10 hobgoblins
  8 jackals
  20 kobolds
  6 quokkas
  8 frilled lizards
  6 rats
455 creatures vanquished.

Vanquished Creatures (others)
  A slime creature (D:13)
  A vault guard (D:13)
  A death drake (shapeshifter) (D:14)
  An ugly thing (D:12)
  A guardian serpent (shapeshifter) (D:13)
  2 centaurs
  An orc wizard (D:7)
  2 plants (Lair:1)
10 creatures vanquished.

Grand Total: 465 creatures vanquished

Notes
Turn   | Place    | Note
-------+----------+-------------------------------------------
     0 | Abyss:1  | KnightedAnt the Formicid Abyssal Knight began the quest for the Orb.
     0 | Abyss:1  | Reached XP level 1. HP: 18/18 MP: 2/2
    56 | Abyss:1  | Noticed a starcursed mass
    58 | D:1      | Escaped the Abyss
    60 | D:1      | Found a runed door.
   173 | D:1      | Reached skill level 1 in Dodging
   283 | D:1      | Reached XP level 2. HP: 24/24 MP: 3/3
   313 | D:1      | Reached * piety under Lugonu
   604 | D:2      | Noticed Robin
   605 | D:2      | Reached XP level 3. HP: 28/29 MP: 4/4
   628 | D:2      | Killed Robin
   683 | D:2      | Noticed Jessica
   703 | D:2      | Killed Jessica
   703 | D:2      | Reached skill level 3 in Invocations
   703 | D:2      | Reached XP level 4. HP: 30/37 MP: 6/6
   984 | D:2      | Reached XP level 5. HP: 42/42 MP: 7/7
  1394 | D:2      | Found a faded altar of an unknown god.
  1418 | D:2      | Noticed Terence
  1443 | D:2      | Killed Terence
  1526 | D:3      | Noticed an ice beast
  1559 | D:2      | Killed an ice beast
  1559 | D:2      | Reached XP level 6. HP: 40/49 MP: 8/8
  1989 | D:3      | Reached ** piety under Lugonu
  2000 | D:3      | Noticed Sigmund
  2009 | D:3      | Killed Sigmund
  2009 | D:3      | Reached skill level 4 in Invocations
  2009 | D:3      | Reached XP level 7. HP: 48/55 MP: 8/10
  2707 | D:4      | Reached skill level 5 in Fighting
  3001 | D:4      | Reached *** piety under Lugonu
  3489 | D:4      | Reached XP level 8. HP: 61/62 MP: 11/11
  3568 | D:5      | Entered Level 5 of the Dungeon
  3590 | D:5      | Found a staircase to the Ecumenical Temple.
  3737 | D:5      | Reached skill level 5 in Invocations
  4440 | D:5      | Reached skill level 5 in Armour
  5477 | D:5      | Reached skill level 5 in Maces & Flails
  5477 | D:5      | Reached skill level 6 in Invocations
  5477 | D:5      | Reached XP level 9. HP: 63/69 MP: 13/13
  5857 | D:6      | Found a bloodstained altar of Trog.
  6623 | D:6      | Reached **** piety under Lugonu
  6896 | D:6      | Found a blossoming altar of Fedhas.
  7084 | D:6      | Reached skill level 1 in Shields
  7444 | D:7      | Noticed a hippogriff
  7449 | D:7      | Reached skill level 7 in Invocations
  7459 | D:7      | Killed a hippogriff
  7529 | D:7      | Found a blossoming altar of Fedhas.
  7530 | D:7      | Noticed a hippogriff
  7554 | D:7      | Reached XP level 10. HP: 77/79 MP: 15/15
  7612 | D:7      | Found a basalt altar of Yredelemnul.
  7694 | D:7      | Found a flagged portal.
  7713 | Bailey   | Entered a bailey
  8462 | D:7      | HP: 4/80 [poisoned by a hornet]
  8463 | D:7      | Got a jewelled chain mail
  8468 | D:7      | HP: 3/80 [poisoned by a hornet]
  8474 | D:7      | HP: 2/80 [poisoned by a hornet]
  8482 | D:7      | HP: 2/80 [poisoned by a hornet]
  8830 | D:7      | Identified the +5 chain mail "Dyra" {rC+ Dex+7} (You found it on level 7 of the Dungeon)
  9198 | D:8      | Reached skill level 8 in Invocations
  9424 | D:8      | Reached ***** piety under Lugonu
 10150 | D:9      | Found a hazy altar of Hepliaklqana.
 10175 | D:9      | Found Esoleut's Distillery.
 10194 | D:9      | Bought a potion of heal wounds for 70 gold pieces
 10194 | D:9      | Bought a potion of curing for 42 gold pieces
 10368 | D:9      | Reached skill level 5 in Shields
 10410 | D:9      | Got a brightly glowing robe
 10692 | D:9      | Reached XP level 11. HP: 44/87 MP: 17/17
 10934 | D:10     | Entered Level 10 of the Dungeon
 11014 | D:10     | Noticed Erica
 11046 | D:10     | Killed Erica
 11204 | D:10     | Reached skill level 9 in Invocations
 11976 | D:11     | Noticed a centaur warrior
 12001 | D:11     | Killed a centaur warrior
 12201 | D:11     | Found a sparkling altar of Nemelex Xobeh.
 12330 | D:11     | Found Gus Nac's Gadget Shop.
 12359 | D:11     | Identified the +1 robe of Youthful Indiscretion {rF+ Int+3 Stlth-} (You found it on level 9 of the Dungeon)
 12509 | D:11     | Found a staircase to the Lair.
 12515 | D:11     | Found a staircase to the Orcish Mines.
 12565 | D:11     | Noticed a two-headed ogre
 12575 | D:11     | Killed a two-headed ogre
 12959 | Lair:1   | Entered Level 1 of the Lair of Beasts
 13261 | Lair:1   | Noticed an eight-headed hydra
 13289 | Lair:1   | Banished an eight-headed hydra
 13839 | Lair:1   | Reached skill level 10 in Invocations
 13839 | Lair:1   | Reached XP level 12. HP: 79/96 MP: 19/19
 14456 | D:11     | HP: 4/97 [poisoned by a spiny frog]
 14461 | D:11     | HP: 2/97 [poisoned by a spiny frog]
 14467 | D:11     | HP: 2/97 [poisoned by a spiny frog]
 14475 | D:11     | HP: 2/97 [poisoned by a spiny frog]
 15410 | Lair:2   | Noticed Urug
 15448 | Lair:2   | Banished Urug
 15790 | Lair:1   | Reached skill level 10 in Fighting
 16309 | Lair:2   | Noticed Sonja
 16772 | D:12     | Reached skill level 10 in Armour
 17438 | D:12     | Noticed a seven-headed hydra
 17443 | D:12     | Banished a seven-headed hydra
 17837 | D:12     | Reached skill level 11 in Invocations
 17843 | D:12     | Reached skill level 1 in Axes
 17952 | D:13     | Noticed a centaur warrior
 17971 | D:13     | Killed a centaur warrior
 17971 | D:13     | Reached XP level 13. HP: 76/104 MP: 21/21
 18477 | D:13     | Noticed Nessos
 18495 | D:13     | Banished Nessos
 18513 | D:13     | Noticed a vault guard
 18518 | D:13     | Banished a vault guard
 18679 | D:13     | Reached skill level 5 in Axes
 18756 | D:13     | Found a gate to the Vaults.
 19282 | D:14     | Reached skill level 10 in Shields
 19292 | D:14     | Found a glowing golden altar of the Shining One.
 19554 | D:14     | Noticed a centaur warrior
 19782 | D:14     | Reached skill level 12 in Invocations
 20097 | D:14     | Reached ****** piety under Lugonu
 20354 | D:14     | Reached XP level 14. HP: 113/113 MP: 23/23
 20426 | D:15     | Entered Level 15 of the Dungeon
 20426 | D:15     | Noticed Rupert
 20447 | D:14     | Engulfed by a cloud of foul pestilence

Skill      XL: |  1  2  3  4  5  6  7  8  9 10 11 12 13 |
---------------+----------------------------------------+-----
Dodging        | 1 2 3 4 |  4.7
Invocations    | 3 4 6 7 8 10 11 12 | 12.1
Armour         | 3 4 5 6 8 9 10 11 | 11.2
Fighting       | 4 5 6 7 8 9 10 11 | 11.5
Maces & Flails | 3 4 5 6 7 8 9 |  9.3
Shields        | 2 5 7 9 10 | 10.3
Axes           | 2 6 |  6.6

Action                   |  1- 3 |  4- 6 |  7- 9 | 10-12 | 13-15 || total
-------------------------+-------+-------+-------+-------+-------++-------
Melee: Mace              |    86 |   147 |   691 |  1247 |       ||  2171
       Battleaxe         |       |       |       |    61 |   326 ||   387
Invok: Depart the Abyss  |     1 |       |       |       |       ||     1
       Banish            |       |       |       |     6 |     6 ||    12
 Abil: Dig               |     1 |     3 |     9 |    19 |     1 ||    33
Evoke: Wand              |       |       |       |     1 |       ||     1
  Use: Scroll            |     1 |       |     1 |    12 |       ||    14
       Potion            |       |       |       |     1 |     1 ||     2
 Stab: Distracted        |     1 |       |       |       |       ||     1
  Eat: Chunk             |       |     4 |    18 |    34 |     9 ||    65
       Ration            |       |       |     1 |     5 |       ||     6
Armor: Chain mail        |    56 |    86 |   393 |   576 |   138 ||  1249
Dodge: Dodged            |    28 |    76 |   331 |   480 |   129 ||  1044
Block: Other             |       |       |    26 |       |       ||    26
       Buckler           |       |       |    54 |   669 |   186 ||   909
       Reflection        |       |       |     1 |    36 |     3 ||    40
